 Dungeon Crawl Stone Soup version 0.32-a0-540-g866d13106e (webtiles) character file.

Game seed: 8340939747490964479

139 zenocrate the Vexing (level 5, 25/25 HPs)
             Began as a Felid Enchanter on Feb 28, 2024.
             Quit the game on level 3 of the Dungeon.
             The game lasted 00:03:10 (2306 turns).

zenocrate the Vexing (Felid Enchanter)              Turns: 2306, Time: 00:03:11

Health: 25/25      AC:  1    Str:  4    XL:     5   Next: 1%
Magic:  9/9        EV: 18    Int: 19    God:
Gold:   128        SH:  0    Dex: 18    Spells: 3/8 levels left
                                        Lives:  0   Deaths: 2

rFire   . .          .
                       - Unarmed
rCold   . . .        (shield unavailable)
rNeg    . . .        (body armour unavailable)
rPois   .            (helmet unavailable)
rElec   .            (cloak unavailable)
rCorr   .            (gloves unavailable)
SInv    +            (boots unavailable)
Will    .....        (no amulet)
Stlth   +++          (no ring)
HPRegen 0.24/turn    (no ring)
MPRegen 0.11/turn

%: no passive effects
@: no status effects
A: very small, claws 1, fangs 3, see invisible, shaggy fur 1, stealthy paws, no
weapons or thrown items, no armour, multi-lived
a: no special abilities


You were on level 3 of the Dungeon.
You visited 1 branch of the dungeon, and saw 3 of its levels.

You collected 128 gold pieces.

Inventory:

Jewellery
 l - a +5 ring of evasion
Talismans
 b - a flux talisman
Scrolls
 c - a scroll of vulnerability
Potions
 a - a potion of invisibility
 e - a potion of curing {unknown}


   Skills:
 + Level 1.4 Fighting
 + Level 3.5 Dodging
 + Level 4.8 Stealth
 + Level 1.9 Unarmed Combat
 - Level 2.1 Spellcasting
 + Level 5.1 Hexes
 + Level 0.9 Ice Magic
 * Level 1.3 Shapeshifting


You had 3 spell levels left.
You knew the following spells:

 Your Spells              Type           Power      Damage    Failure   Level
a - Ensorcelled Hibernat  Hex/Ice        26%        N/A       8%          2
b - Confusing Touch       Hex            21%        N/A       6%          3

Your spell library contained the following spells:

 Spells                   Type           Power      Damage    Failure   Level
 Tukima's Dance           Hex            21%        N/A       6%          3
 Dazzling Flash           Conj/Hex       22%        N/A       17%         3
 Mercury Vapours          Alch/Air       2%         N/A       26%         2
 Mephitic Cloud           Conj/Alch/Air  1%         N/A       45%         3
 Freezing Cloud           Conj/Ice/Air   1%         6-21      99%         5


Dungeon Overview and Level Annotations

Branches:
Dungeon (3/15)

Altars:
Ru


Innate Abilities, Weirdness & Mutations

You have sharp claws.
You have razor-sharp teeth.
You have supernaturally acute eyesight. (SInv)
You are covered in fur. (AC +1)
Your paws help you pounce on unaware monsters.
You are incapable of wielding weapons or throwing items.
You cannot wear armour.
You gain extra lives every three experience levels.


Message History

The adder is lightly wounded.
You feel sick. The adder closely misses you.
The kobold hits you with a +0 short sword.
Unknown command.
Press < or > to pray at altars.
You scratch the adder.
The adder is severely wounded.
You feel sick. The adder closely misses you.
The kobold hits you but does no damage.
You closely miss the adder. Your bite misses the adder.
The adder is severely wounded.
You feel sick. The kobold completely misses you. The adder bites you.
You closely miss the adder. Your bite misses the adder.
The adder is heavily wounded.
You feel sick.
You are no longer poisoned.
The kobold closely misses you. The adder bites you.
* * * LOW HITPOINT WARNING * * *
Unknown command.
Press < or > to pray at altars.
You scratch the adder but do no damage.
The adder is heavily wounded.
The kobold completely misses you.
You miss the adder. You bite the adder.
The adder is severely wounded.
The adder misses you.
The kobold hits you with a +0 short sword.
* * * LOW HITPOINT WARNING * * *
Unknown command.
Press < or > to pray at altars.
You closely miss the adder. Your bite misses the adder.
The adder is severely wounded.
The adder closely misses you. The kobold completely misses you.
You scratch the adder.
You kill the adder!
The kobold hits you with a +0 short sword.
You die...
You rejoin the land of the living...
You have reached level 5!
Are you sure you want to abandon this character and quit the game? (Confirm with "yes".)

#####..........##..#.####
#..........##..#.#
#..........##....#
#..........###^###
#..........# #.#
#..........# #.#
#..........# #.#
#..........# #...@......#
###+########


There were no monsters in sight!

Vanquished Creatures
  A bombardier beetle (D:2)
  4 adders
  A river rat (D:3)
  A dart slug (D:1)
  3 ribbon worms
  A ball python (D:1)
  6 bats
  9 endoplasms
  2 giant cockroaches (D:1)
  A hobgoblin (D:2)
  2 jackals (D:2)
  2 quokkas
  3 frilled lizards
  7 goblins
  3 kobolds
  5 rats
51 creatures vanquished.

Notes
Turn   | Place    | Note
-------+----------+-------------------------------------------
     0 | D:1      | zenocrate the Felid Enchanter began the quest for the Orb.
     0 | D:1      | Reached XP level 1. HP: 9/9 MP: 4/4
   143 | D:1      | Reached XP level 2. HP: 12/14 MP: 6/6
   146 | D:1      | Learned a level 2 spell: Ensorcelled Hibernation
   670 | D:1      | Found a faded altar of an unknown god.
   924 | D:2      | Reached XP level 3. HP: 14/17 MP: 7/7
  1160 | D:2      | Reached skill level 1 in Fighting
  1160 | D:2      | Reached skill level 5 in Hexes
  1160 | D:2      | Reached XP level 4. HP: 14/22 MP: 3/8
  1160 | D:2      | Gained a life (2 lives remaining)
  1282 | D:2      | Learned a level 3 spell: Confusing Touch
  1543 | D:2      | Reached skill level 1 in Shapeshifting
  2265 | D:3      | HP: 1/22 [poisoned by an adder]
  2265 | D:3      | Slain by an adder
  2265 | D:3      | Lost a life (1 life remaining)
  2286 | D:3      | Found a sacrificial altar of Ru.
  2303 | D:3      | HP: 1/22 [kobold/+0 short sword (4)]
  2305 | D:3      | Slain by a kobold
  2305 | D:3      | Lost a life (0 lives remaining)
  2306 | D:3      | Reached XP level 5. HP: 25/25 MP: 9/9
  2306 | D:3      | Quit the game

Illustrated notes

Levels and vault maps discovered:
D:1:      wander_arrival_fairy_ring, layout_basic, ebering_ecumenical_altar_hall
D:2:      layout_basic
D:3:      layout_basic, nicolae_ru_great_annihilating_truth,
          lightli_sewer_entry_pipes, goddamned_bats

Skill      XL: |  1  2  3  4 |
---------------+-------------+-----
Dodging        | 3 |  3.5
Fighting       | 1 |  1.4
Hexes          | 5 |  5.1
Shapeshifting  | 1 |  1.3
Stealth        | |  4.8
Unarmed Combat | |  1.9
Spellcasting   | |  2.1
Ice Magic      | |  0.9

Action                     |  1- 3 |  4- 6 || total
---------------------------+-------+-------++-------
  Melee: Unarmed           |   105 |   103 ||   208
         Bite              |     7 |    10 ||    17
         Punch             |       |     4 ||     4
   Cast: Ensorcelled Hiber |     2 |     3 ||     5
    Use: Potion            |     1 |     1 ||     2
         Scroll            |       |     8 ||     8
   Stab: Sleeping          |     7 |     6 ||    13
 Armour: Skin              |    35 |    33 ||    68
  Dodge: Dodged            |    80 |   101 ||   181

Table legend: (Time is in decaauts)
 A = Elapsed time spent in this place.
 B = Non-inter-level travel time spent in this place.
 C = Inter-level travel time spent in this place.
 D = Time resting spent in this place.
 E = Time spent auto-exploring this place.
 F = Levels seen in this place.
 G = Mean time per level.
                   A        B        C        D        E       F      G
               +--------+--------+--------+--------+--------+-----+--------+
         Total |   2310 |   2227 |     83 |      0 |   1684 |   3 |  770.0 |
       Dungeon |   2310 |   2227 |     83 |      0 |   1684 |   3 |  770.0 |
               +--------+--------+--------+--------+--------+-----+--------+

Top non-repeatable levels by time:
     D:2: 1047 daAuts
     D:1: 862 daAuts
     D:3: 400 daAuts
